 Dungeon Crawl Stone Soup version 0.10.4 character file.

135 EnegeticOcto the Skirmisher (level 3, -3/33 HPs)
             Began as a Naga Skald on Apr 8, 2020.
             Killed from afar by Ijyb (7 damage)
             ... with a wand of magic darts
             ... on Level 2 of the Dungeon.
             The game lasted 00:03:40 (1239 turns).

EnegeticOcto the Skirmisher (Naga Skald)            Turns: 1239, Time: 00:03:40

HP  -3/33        AC  4     Str 14      XL: 3   Next: 60%
MP   4/4         EV  8     Int 13      God:
Gold 91          SH  0     Dex  8 (10) Spells:  0 memorised,  6 levels left

Res.Fire  : + . .   See Invis. : +   s - +1,+2 orc spear
Res.Cold  : . . .   Warding    : . . b - +0 leather armour
Life Prot.: . . .   Conserve   : .   (no shield)
Res.Acid. : . . .   Res.Corr.  : .   h - +0 cap
Res.Poison: +       Clarity    : .   (no cloak)
Res.Elec. : .       Spirit.Shd : .   (no gloves)
Sust.Abil.: . .     Stasis     : .   (no barding)
Res.Mut.  : .       Ctrl.Telep.: .   (no amulet)
Res.Rott. : .       Levitation : .   p - +2 ring of protection
Saprovore : . . .   Ctrl.Flight: .   i - ring of protection from fire {unknown}

@: short of breath, very slow, slightly resistant to hostile enchantments, very
unstealthy
A: spit poison, constrict 1, see invisible, deformed body, poison resistance,
slowness 2
a: Spit Poison


You were on level 2 of the Dungeon.
You were not hungry.

You visited 1 branch of the dungeon, and saw 2 of its levels.

You collected 71 gold pieces.

Inventory:

Hand weapons
 a - a +0,+0 spear {=f}
 s - a +1,+2 orcish spear (weapon)
Armour
 b - a +0 leather armour (worn)
 h - a +0 cap (worn)
Comestibles
 d - a bread ration
 o - 2 apricots
 t - an apple
Scrolls
 e - a scroll of fog {unknown}
 f - a scroll of magic mapping {unknown}
 j - 2 scrolls of identify {unknown}
 k - 2 scrolls of recharging {unknown}
 q - 2 scrolls of blinking {unknown}
 r - 2 scrolls of teleportation {unknown}
 v - a scroll of curse jewellery {unknown}
 w - a scroll of curse armour {unknown}
Jewellery
 i - a ring of protection from fire (left hand) {unknown}
 p - a +2 ring of protection (right hand)
 x - an uncursed ring of poison resistance {unknown}
Potions
 g - a potion of restore abilities {unknown}
 l - a potion of degeneration
 m - a potion of resistance {unknown}
 n - a potion of curing {unknown}
 u - a potion of blood {unknown}
 z - 2 potions of might {unknown}
Books
 c - a book of War Chants

   Spells                             Type                      Level
   Fire Brand                         Charms/Fire                  2
   Freezing Aura                      Charms/Ice                   2
   Shroud of Golubria                 Charms/Translocation         2
   Repel Missiles                     Charms/Air                   2
   Poison Weapon                      Charms/Poison                3
   Regeneration                       Charms/Necromancy            3


   Skills:
 + Level 3.5 Fighting
 + Level 3.5 Polearms
 - Level 0.7 Armour
 - Level 0.7 Dodging
 - Level 2.0 Spellcasting
 - Level 3.0 Charms


You had 6 spell levels left.
You didn't know any spells.

Dungeon Overview and Level Annotations

Branches:
Dungeon (2/27)

Altars:

Annotations
D:2 Ijyb


Innate Abilities, Weirdness & Mutations

You cannot wear boots.
You can spit poison.
You can use your snake-like lower body to constrict enemies.
Your serpentine skin is tough (AC +1).
You have supernaturally acute eyesight.
Armour fits poorly on your strangely shaped body.
Your system is resistant to poisons.
You cover ground very slowly.


Message History

Ijyb is lightly wounded.
Ijyb zaps a wand.
The magic dart hits you!
You hit Ijyb but do no damage. You constrict Ijyb.
Ijyb is moderately wounded.
You hit Ijyb but do no damage. You constrict Ijyb.
Ijyb is moderately wounded.
Ijyb zaps a wand.
The magic dart hits you!
* * * LOW HITPOINT WARNING * * *
You are too injured to fight blindly!
You are too injured to fight blindly!
Press: ? - help, v - describe, . - travel
Here: Ijyb, wielding a club, wearing a glowing orcish ring mail and carrying a wand of magic darts {zapped: 3} (moderately wounded, constricted by you, poisoned)
An open door.
Unknown command.
Drink which item? (? for menu, Esc to quit)
There was something very wrong with that liquid!
You feel clumsy.
It was a potion of degeneration.
You constrict Ijyb.
Ijyb zaps a wand.
The magic dart hits you!
You die...

#........ #........
#........ ##+###### #
#.# #.### #.# ...
####'######
######g#######..........
#......@....##..........
#.................).....
<............#..........
..)..........#..........
#)..........############
############


You could see Ijyb.

Vanquished Creatures
  A worm (D:2)
  A ball python (D:2)
  8 goblins
  5 hobgoblins
  5 bats (D:1)
  3 giant cockroaches
  4 giant newts
  6 kobolds
  4 rats
37 creatures vanquished.

Vanquished Creatures (others)
  2 toadstools (D:1)
2 creatures vanquished.

Grand Total: 39 creatures vanquished

Notes
Turn   | Place    | Note
--------------------------------------------------------------
     0 | D:1      | EnegeticOcto, the Naga Skald, began the quest for the Orb.
     0 | D:1      | Reached XP level 1. HP: 19/19 MP: 1/1
   184 | D:1      | Reached XP level 2. HP: 24/26 MP: 3/3
   819 | D:1      | Reached XP level 3. HP: 33/33 MP: 4/4
  1232 | D:2      | Noticed Ijyb
  1239 | D:2      | Killed from afar by Ijyb
